[Event "January 9 Late 2024"]
[Site "https://www.chess.com"]
[Date "2024.01.09"]
[Round "6"]
[White "Pakleza, Zbigniew"]
[Black "Vestby-Ellingsen, Mads"]
[Result "0-1"]
[Board "46"]
[TimeControl "180+1"]
[WhiteFideId "1119290"]
[BlackFideId "1520857"]
[WhiteElo "2870"]
[BlackElo "2662"]
[WhiteTeam "POL"]
[BlackTeam "NOR"]
[WhiteClock "0:00:01"]
[BlackClock "0:00:40"]

1. d4 Nf6 2. Nf3 d5 3. Bf4 c5 4. c3 Nc6 5. Nbd2 cxd4 6. cxd4 a6 7. e3 Bf5 8. Be2 e6 9. Nh4 Bg6 10. O-O Bd6 11. Bg3 O-O 12. Qb3 b5 13. Rfc1 Na5 14. Qd1 Nc4 15. Nxc4 bxc4 16. Nxg6 hxg6 17. b3 Bxg3 18. hxg3 cxb3 19. axb3 Qb6 20. Ra3 Ne4 21. Qe1 a5 22. Rca1 Rfc8 23. b4 a4 24. f3 Nd6 25. Rxa4 Rxa4 26. Rxa4 Nf5 27. Bd3 Nxd4 28. Ra6 Nc2 29. Rxb6 Nxe1 30. Ba6 Rc2 31. Rb8+ Kh7 32. Bf1 Rb2 33. b5 Nc2 34. e4 Ne3 35. exd5 exd5 36. Bd3 Rd2 37. Bb1 Rd1+ 38. Kf2 d4 39. Be4 Rd2+ 40. Ke1 Rb2 41. b6 f5 42. Bc6 d3 43. Rd8 Re2# 0-1

[Event "January 9 Late 2024"]
[Site "https://www.chess.com"]
[Date "2024.01.09"]
[Round "6"]
[White "Schroeder, Jan-Christian"]
[Black "Janaszak, Dawid"]
[Result "1-0"]
[Board "47"]
[TimeControl "180+1"]
[WhiteFideId "24662259"]
[BlackFideId "1119206"]
[WhiteElo "2839"]
[BlackElo "2641"]
[WhiteTeam "GER"]
[BlackTeam "POL"]
[WhiteClock "0:00:19"]
[BlackClock "0:00:00"]

1. e4 c5 2. Nf3 Nc6 3. Nc3 g6 4. d4 cxd4 5. Nxd4 Bg7 6. Be3 Nf6 7. Bc4 O-O 8. Bb3 Re8 9. O-O d6 10. h3 Na5 11. f4 b6 12. Qf3 Bb7 13. f5 Rc8 14. Nd5 Nxb3 15. axb3 a6 16. c4 Rf8 17. Rad1 Nd7 18. Bg5 Bxd5 19. exd5 Bxd4+ 20. Rxd4 f6 21. Bh6 Ne5 22. Qg3 Rf7 23. Rh4 b5 24. Re1 g5 25. Rhe4 bxc4 26. bxc4 Qb6+ 27. Kh2 Qxb2 28. h4 g4 29. Bf4 h5 30. Qe3 Kh7 31. Bxe5 dxe5 32. c5 Rg7 33. c6 Qb5 34. Qd2 a5 35. Rc1 a4 36. Rb4 Qa5 37. Rb2 Qxd2 38. Rxd2 g3+ 39. Kh3 Rg4 40. d6 exd6 41. Rxd6 Rd4 42. Rxf6 a3 43. c7 Rd7 44. Ra6 Rcxc7 45. Rxc7 Rxc7 46. Rxa3 Rf7 47. Rf3 Kg7 48. Rxg3+ Kf6 49. Rg5 e4 50. Kg3 Ke5 51. Rxh5 Kd4 52. Kf4 1-0

[Event "January 9 Late 2024"]
[Site "https://www.chess.com"]
[Date "2024.01.09"]
[Round "6"]
[White "Gokerkan, Cem Kaan"]
[Black "Kraiouchkine, Nikita"]
[Result "1-0"]
[Board "48"]
[TimeControl "180+1"]
[WhiteFideId "6336760"]
[BlackFideId "2607140"]
[WhiteElo "2824"]
[BlackElo "2631"]
[WhiteTeam "TUR"]
[BlackTeam "CAN"]
[WhiteClock "0:01:43"]
[BlackClock "0:01:54"]

1. e4 e5 2. Nf3 Nc6 3. Bc4 Nf6 4. d3 Be7 5. O-O d6 6. a4 O-O 7. Re1 h6 8. c3 Bg4 9. h3 Bxf3 10. Qxf3 Kh7 11. a5 a6 12. Nd2 Qe8 13. Nf1 Ng8 14. Ng3 g6 15. b4 Bf6 16. b5 axb5 17. Bxb5 Qe6 18. a6 Nd8 19. Bc4 Qd7 20. axb7 Nxb7 21. Rxa8 Rxa8 22. d4 exd4 23. e5 Na5 24. Qxa8 Nxc4 25. exf6 d3 26. Qf8 1-0

[Event "January 9 Late 2024"]
[Site "https://www.chess.com"]
[Date "2024.01.09"]
[Round "6"]
[White "Kokoszczynski, Jan"]
[Black "Rustemov, Alexander"]
[Result "0-1"]
[Board "49"]
[TimeControl "180+1"]
[WhiteFideId "1174460"]
[BlackFideId "4119002"]
[WhiteElo "2591"]
[BlackElo "2816"]
[WhiteTeam "POL"]
[BlackTeam "RUS"]
[WhiteClock "0:00:02"]
[BlackClock "0:00:28"]

1. d4 d5 2. Nf3 Nf6 3. Bf4 c5 4. e3 Nc6 5. Nbd2 Bg4 6. c3 e6 7. Bb5 Nd7 8. h3 Bxf3 9. Nxf3 Qb6 10. Qe2 Be7 11. O-O O-O 12. Bd3 Nf6 13. Rad1 Rac8 14. Ne5 h6 15. Rfe1 Rfd8 16. Bb1 Bd6 17. Nxc6 Qxc6 18. Qf3 Bxf4 19. Qxf4 Qc7 20. Qxc7 Rxc7 21. dxc5 Rxc5 22. e4 Kf8 23. Kf1 Ke7 24. exd5 Rcxd5 25. Rxd5 Rxd5 26. Ke2 Rb5 27. b3 Rc5 28. Kd2 b6 29. c4 Rg5 30. g3 Rh5 31. Rh1 a5 32. a3 Kd6 33. Bd3 Nd7 34. Kc3 Re5 35. Rd1 Kc7 36. b4 g5 37. Rh1 f5 38. Rd1 h5 39. Kd4 g4 40. hxg4 hxg4 41. Rh1 Kd6 42. Rh6 axb4 43. axb4 Nb8 44. b5 Nd7 45. Rh7 Nc5 46. Bb1 Re1 47. Bc2 Re2 48. Bb1 Rxf2 49. Rh6 Rf3 50. Rg6 Nb3# 0-1

[Event "January 9 Late 2024"]
[Site "https://www.chess.com"]
[Date "2024.01.09"]
[Round "6"]
[White "Carlsen, Magnus"]
[Black "Dubnevych, Maksym"]
[Result "1-0"]
[Board "50"]
[TimeControl "180+1"]
[WhiteFideId "1503014"]
[BlackFideId "14184001"]
[WhiteElo "3359"]
[BlackElo "2552"]
[WhiteTeam "NOR"]
[BlackTeam "UKR"]
[WhiteClock "0:01:29"]
[BlackClock "0:00:01"]

1. e4 c5 2. c3 Nf6 3. e5 Nd5 4. Nf3 Nc6 5. Bc4 Nb6 6. Bb3 c4 7. Bc2 d6 8. exd6 Qxd6 9. O-O Bg4 10. b3 cxb3 11. axb3 e6 12. d4 Be7 13. Nbd2 h6 14. Re1 Nd5 15. Ne4 Qc7 16. Bd2 O-O 17. Ra2 Rac8 18. h3 Bh5 19. Ng3 Bg6 20. Bxg6 fxg6 21. Rxe6 Bf6 22. c4 Nxd4 23. Rxf6 Nxf6 24. Nxd4 Qd7 25. Be3 a6 26. Rd2 Qf7 27. Nf3 Rfe8 28. Kh2 b5 29. c5 Rc6 30. b4 Ne4 31. Nxe4 Rxe4 32. Rd6 Rc7 33. c6 Rxb4 34. Ne5 Qf5 35. Qd5+ Kh7 36. Rd8 Rf7 37. Nxf7 1-0

[Event "January 9 Late 2024"]
[Site "https://www.chess.com"]
[Date "2024.01.09"]
[Round "6"]
[White "Indjic, Aleksandar"]
[Black "Ambartsumova, Karina"]
[Result "1/2-1/2"]
[Board "51"]
[TimeControl "180+1"]
[WhiteFideId "911925"]
[BlackFideId "4166299"]
[WhiteElo "2914"]
[BlackElo "2576"]
[WhiteTeam "SRB"]
[BlackTeam "RUS"]
[WhiteClock "0:00:13"]
[BlackClock "0:00:17"]

1. e4 e5 2. Qh5 Nc6 3. Bc4 g6 4. Qf3 Nf6 5. Ne2 Bg7 6. d3 O-O 7. h3 h6 8. Nbc3 d6 9. Be3 Be6 10. g4 Nh7 11. Nd5 Na5 12. Bd2 c6 13. Ne3 Nxc4 14. dxc4 Ng5 15. Qg2 Qf6 16. Ng1 Bd7 17. O-O-O Ne6 18. f3 Nf4 19. Qf1 a6 20. Ne2 b5 21. Nxf4 exf4 22. Bc3 Qe7 23. Bxg7 Kxg7 24. Ng2 Be6 25. Qd3 Rfd8 26. Nxf4 Bxc4 27. Qd4+ Qe5 28. b3 Be6 29. h4 c5 30. Qxe5+ dxe5 31. Nd3 c4 32. Nxe5 cxb3 33. axb3 a5 34. Rxd8 Rxd8 35. Rd1 Rxd1+ 36. Kxd1 a4 37. bxa4 bxa4 38. g5 hxg5 39. hxg5 f6 40. gxf6+ Kxf6 41. Nd3 a3 42. Kc1 g5 43. Kb1 Bc4 44. Ka1 Ke6 45. Kb1 Kf6 46. Kc1 Ke6 47. Kb1 Kf6 1/2-1/2

[Event "January 9 Late 2024"]
[Site "https://www.chess.com"]
[Date "2024.01.09"]
[Round "6"]
[White "Ibarra Jerez, Jose Carlos"]
[Black "Asish Panda"]
[Result "1-0"]
[Board "52"]
[TimeControl "180+1"]
[WhiteFideId "2226332"]
[BlackFideId "45012458"]
[WhiteElo "2910"]
[BlackElo "2573"]
[WhiteTeam "ESP"]
[BlackTeam "IND"]
[WhiteClock "0:00:16"]
[BlackClock "0:00:02"]

1. e4 e6 2. d4 d5 3. Nc3 Nf6 4. Bg5 Be7 5. e5 Nfd7 6. Bxe7 Qxe7 7. Qg4 O-O 8. Bd3 c5 9. Nf3 f5 10. exf6 Nxf6 11. Qh4 Nc6 12. dxc5 Qxc5 13. O-O-O Bd7 14. Rhe1 Nb4 15. Ne5 Be8 16. Kb1 d4 17. Ne4 Qxe5 18. Ng5 Qc5 19. Bxh7+ Kh8 20. Nxe6 Qa5 21. a3 Nxh7 22. Nxf8 Qh5 23. Qxh5 Bxh5 24. Rxd4 Nc6 25. Rh4 Bf7 26. Nxh7 Bg6 27. Nf8+ 1-0

[Event "January 9 Late 2024"]
[Site "https://www.chess.com"]
[Date "2024.01.10"]
[Round "6"]
[White "Kandil, Ahmed"]
[Black "Sargsyan, Shant"]
[Result "1/2-1/2"]
[Board "53"]
[TimeControl "180+1"]
[WhiteFideId "10628401"]
[BlackFideId "13306766"]
[WhiteElo "2571"]
[BlackElo "2900"]
[WhiteTeam "EGY"]
[BlackTeam "ARM"]
[WhiteClock "0:00:10"]
[BlackClock "0:00:16"]

1. e4 b6 2. d4 Bb7 3. Nc3 e6 4. Bd3 Bb4 5. Qe2 Nf6 6. Nf3 d5 7. e5 Ne4 8. Bd2 Nxd2 9. Nxd2 c5 10. Qg4 g6 11. a3 cxd4 12. Qxd4 Nc6 13. Qf4 Bxc3 14. bxc3 Qc7 15. Nf3 Na5 16. O-O Qxc3 17. Qf6 O-O 18. h4 Qc7 19. h5 Qd8 20. Qf4 Rc8 21. Qh6 Qe7 22. Ng5 f6 23. exf6 Rxf6 24. hxg6 hxg6 25. Rae1 Qg7 26. Qxg7+ Kxg7 27. Nxe6+ Kg8 28. Ng5 Nc6 29. Re6 Rxe6 30. Nxe6 Kf7 31. Ng5+ Kf6 32. f4 Nd4 33. Re1 Rc6 34. Re8 Rc8 35. Re5 Rc7 36. Kf2 Bc8 37. Rxd5 Nf5 38. Rd8 a5 39. g4 Nh6 40. Rd6+ Ke7 41. Rxg6 Nxg4+ 42. Kg3 Ne3 43. Rg7+ Kd8 44. Nf7+ Ke8 45. Nd6+ Kd8 46. Rg8+ Kd7 47. Nxc8 Rxc8 48. Rxc8 Kxc8 49. f5 Kd7 50. Kf4 Nd5+ 51. Ke5 Nc3 52. f6 Ke8 53. Kd6 Nb1 54. Bg6+ Kf8 55. a4 Nc3 56. Kc6 Nxa4 57. Kb5 Nc3+ 58. Kxb6 a4 59. Bd3 Kf7 60. Bc4+ Kxf6 61. Kc5 Ke5 62. Kb4 Kd4 63. Bg8 Nd1 64. Kxa4 Kc3 65. Bh7 Ne3 66. Bg6 Nf1 67. Kb5 Nd2 68. Kc5 Nf3 69. Kd5 Nd2 70. Ke5 Nb1 71. Kf4 Na3 72. Ke3 Nxc2+ 1/2-1/2

[Event "January 9 Late 2024"]
[Site "https://www.chess.com"]
[Date "2024.01.09"]
[Round "6"]
[White "Tari, Aryan"]
[Black "Lin, Bryan Enming"]
[Result "1/2-1/2"]
[Board "54"]
[TimeControl "180+1"]
[WhiteFideId "1510045"]
[BlackFideId "30987121"]
[WhiteElo "2895"]
[BlackElo "2565"]
[WhiteTeam "NOR"]
[BlackTeam "USA"]
[WhiteClock "0:00:42"]
[BlackClock "0:00:46"]

1. a3 Nf6 2. Nf3 g6 3. d4 Bg7 4. Nbd2 O-O 5. e4 d6 6. Bd3 c5 7. d5 e6 8. dxe6 Bxe6 9. c4 Nc6 10. h3 Nd7 11. O-O Nde5 12. Be2 Nxf3+ 13. Nxf3 Nd4 14. Nxd4 Bxd4 15. Bh6 Re8 16. b4 Qf6 17. Rb1 Qh4 18. Qd2 Bxh3 19. Bg5 Qg3 20. Bf3 Be6 21. Qxd4 Qxg5 22. Qxd6 cxb4 23. Rxb4 b6 24. Rb5 Qe7 25. e5 Rac8 26. Qxe7 Rxe7 27. Bd5 Bxd5 28. cxd5 Rxe5 29. Rd1 Rd8 30. a4 g5 31. a5 bxa5 32. Rxa5 Rd7 33. Ra6 Rexd5 34. Rxd5 Rxd5 35. Rxa7 Kg7 36. g3 h6 37. Kg2 Kg6 38. Ra6+ f6 39. Ra8 h5 40. Rg8+ Kf5 41. Ra8 Rd7 42. Rh8 Kg6 43. Rg8+ Rg7 44. Ra8 g4 45. Ra5 Rf7 46. Rb5 f5 47. Ra5 f4 48. Ra6+ Rf6 49. Ra8 f3+ 50. Kh2 Rb6 51. Rc8 Rb2 52. Kg1 Rb1+ 53. Kh2 Rf1 54. Rg8+ Kf7 55. Rf8+ Ke6 56. Re8+ Kd5 57. Rd8+ Ke4 58. Rd4+ Ke5 59. Rd5+ Ke6 60. Rd6+ Ke5 61. Rd5+ Kf6 62. Rd6+ Kf5 63. Rd5+ Ke4 64. Rd4+ Ke5 65. Rd5+ 1/2-1/2

[Event "January 9 Late 2024"]
[Site "https://www.chess.com"]
[Date "2024.01.09"]
[Round "6"]
[White "Santos Latasa, Jaime"]
[Black "Srdanovic, Jovana"]
[Result "1-0"]
[Board "55"]
[TimeControl "180+1"]
[WhiteFideId "2293307"]
[BlackFideId "954810"]
[WhiteElo "2879"]
[BlackElo "2561"]
[WhiteTeam "ESP"]
[BlackTeam "SRB"]
[WhiteClock "0:01:59"]
[BlackClock "0:01:02"]

1. Nf3 d5 2. b3 Nf6 3. Ba3 a5 4. c4 c6 5. e3 a4 6. cxd5 Nxd5 7. Be2 Nd7 8. O-O axb3 9. axb3 N5b6 10. Nc3 e6 11. Bxf8 Nxf8 12. Rxa8 Nxa8 13. d4 Ng6 14. Qa1 Nc7 15. Qa3 Qe7 16. Qa5 O-O 17. Rc1 h6 18. b4 Re8 19. b5 c5 20. dxc5 e5 21. Ne4 f5 22. Nd6 Rd8 23. Qb6 Be6 24. Nxb7 Ra8 25. Qd6 Qxd6 26. Nxd6 1-0

[Event "January 9 Late 2024"]
[Site "https://www.chess.com"]
[Date "2024.01.09"]
[Round "6"]
[White "Pasti, Aron"]
[Black "Durarbayli, Vasif"]
[Result "0-1"]
[Board "56"]
[TimeControl "180+1"]
[WhiteFideId "785857"]
[BlackFideId "13402935"]
[WhiteElo "2560"]
[BlackElo "2851"]
[WhiteTeam "HUN"]
[BlackTeam "AZE"]
[WhiteClock "0:00:01"]
[BlackClock "0:01:23"]

1. e4 c5 2. Nf3 d6 3. d4 cxd4 4. Nxd4 Nf6 5. Nc3 Nc6 6. Bg5 Qb6 7. Nb3 e6 8. Qd2 a6 9. O-O-O Be7 10. f4 O-O 11. Qe1 Rd8 12. e5 dxe5 13. fxe5 Rxd1+ 14. Qxd1 Nxe5 15. h3 Bd7 16. Qe1 Ng6 17. Bd3 Bc6 18. h4 Nf8 19. h5 h6 20. Be3 Qc7 21. Nd4 Rd8 22. Kb1 b5 23. Rf1 Bb7 24. Bg1 Nxh5 25. g4 Nf4 26. Be4 Bxe4 27. Nxe4 N8g6 28. Ng3 Bh4 29. Rf3 Qd6 30. c3 e5 31. Ndf5 Qd1+ 0-1

[Event "January 9 Late 2024"]
[Site "https://www.chess.com"]
[Date "2024.01.09"]
[Round "6"]
[White "Maksimovic, Bojan"]
[Black "Erzhanov, Arman"]
[Result "1-0"]
[Board "57"]
[TimeControl "180+1"]
[WhiteFideId "14408120"]
[BlackFideId "4138821"]
[WhiteElo "2839"]
[BlackElo "2558"]
[WhiteTeam "BIH"]
[BlackTeam "KAZ"]
[WhiteClock "0:00:45"]
[BlackClock "0:00:00"]

1. a3 c5 2. b4 b6 3. Bb2 Bb7 4. Nf3 Nf6 5. e3 e6 6. bxc5 bxc5 7. c4 Qb6 8. Qc1 Nc6 9. Nc3 Na5 10. Rb1 a6 11. Ba1 Qc7 12. Bd3 Bd6 13. Qc2 O-O 14. Ne4 Nxe4 15. Bxe4 Bxe4 16. Qxe4 f5 17. Qd3 Rab8 18. Ke2 Nc6 19. h3 Rxb1 20. Rxb1 Rb8 21. Rxb8+ Nxb8 22. g4 fxg4 23. hxg4 Be7 24. g5 Nc6 25. Qc3 Bf8 26. Qd3 Qd6 27. Qe4 Be7 28. Bc3 Qb8 29. Qc2 Bd6 30. Qd3 Qc7 31. g6 h6 32. Qb1 Ne7 33. Nh4 Qb8 34. Qe4 Nc6 35. f4 Ne7 36. f5 Nxf5 37. Nxf5 exf5 38. Qd5+ Kh8 39. Qxf5 Qe8 40. Qh5 1-0

[Event "January 9 Late 2024"]
[Site "https://www.chess.com"]
[Date "2024.01.09"]
[Round "6"]
[White "Potapova, Margarita"]
[Black "Lobanov, Sergei"]
[Result "0-1"]
[Board "58"]
[TimeControl "180+1"]
[WhiteFideId "14126869"]
[BlackFideId "24183750"]
[WhiteElo "2558"]
[BlackElo "2831"]
[WhiteTeam "RUS"]
[BlackTeam "FID"]
[WhiteClock "0:00:03"]
[BlackClock "0:00:05"]

1. d4 Nf6 2. c4 e6 3. Nc3 d5 4. Nf3 Nbd7 5. cxd5 exd5 6. Qc2 c6 7. Bg5 Bd6 8. e3 h6 9. Bh4 O-O 10. Bd3 Re8 11. O-O Nf8 12. Rab1 Bg4 13. Nd2 a5 14. a3 Bh5 15. Bg3 Bg6 16. b4 Bxd3 17. Qxd3 Ng6 18. b5 c5 19. dxc5 Bxc5 20. Na4 Bd6 21. Nf3 Bxg3 22. hxg3 Ne5 23. Nxe5 Rxe5 24. Nc5 Ng4 25. Rfe1 Qg5 26. f3 Nxe3 27. Rb2 Rae8 28. Rbe2 Nc4 29. f4 Rxe2 30. Rxe2 Qd8 31. Rxe8+ Qxe8 32. Qxd5 Qe3+ 33. Kh2 Nd2 34. Qd8+ Kh7 35. Nd7 Nf1+ 36. Kh1 Nxg3+ 37. Kh2 Nf1+ 38. Kh1 Ng3+ 39. Kh2 g5 40. Nf6+ Kg6 41. fxg5 hxg5 42. Ng4 Nf1+ 43. Kh1 Qf4 44. Qg8+ Kf5 45. Nh6+ Ke6 46. Kg1 Ne3 47. Qe8+ Kd5 48. Qd7+ Kc4 49. Qxb7 f5 50. Nf7 Qf1+ 51. Kh2 Ng4+ 52. Kh3 Qh1+ 53. Kg3 Qe1+ 54. Kh3 Qh4# 0-1

[Event "January 9 Late 2024"]
[Site "https://www.chess.com"]
[Date "2024.01.09"]
[Round "6"]
[White "Maltsevskaya, Aleksandra"]
[Black "Lagarde, Maxime"]
[Result "0-1"]
[Board "59"]
[TimeControl "180+1"]
[WhiteFideId "24174041"]
[BlackFideId "662399"]
[WhiteElo "2557"]
[BlackElo "2830"]
[WhiteTeam "POL"]
[BlackTeam "FRA"]
[WhiteClock "0:00:00"]
[BlackClock "0:01:18"]

1. e4 c6 2. d4 d5 3. e5 Bf5 4. c4 e6 5. h4 dxc4 6. Bxc4 Ne7 7. Nc3 h6 8. Nge2 Nd7 9. Ng3 Nb6 10. Bb3 Bg6 11. h5 Bh7 12. Qg4 Nf5 13. Be3 Qd7 14. O-O O-O-O 15. a4 Nd5 16. Nxf5 Bxf5 17. Qf3 Bb4 18. Rfc1 Kb8 19. a5 a6 20. Na4 Qe7 21. Nc5 Bxc5 22. Rxc5 Qh4 23. Bxd5 Rxd5 24. Rxd5 cxd5 25. b4 Qg4 26. Qxg4 Bxg4 27. Rb1 Be2 28. f3 Rc8 29. Rc1 Bc4 30. Kf2 Kc7 31. g4 Kc6 32. g5 hxg5 33. Rg1 Rh8 34. Rxg5 Rh7 35. h6 gxh6 36. Rh5 Kb5 37. Bd2 Bd3 38. Ke3 Bg6 39. Rh1 h5 40. Rh4 Rh8 41. f4 Bf5 0-1

[Event "January 9 Late 2024"]
[Site "https://www.chess.com"]
[Date "2024.01.09"]
[Round "6"]
[White "Van Dael, Siem"]
[Black "Seemann, Jakub"]
[Result "1-0"]
[Board "60"]
[TimeControl "180+1"]
[WhiteFideId "1049771"]
[BlackFideId "21874697"]
[WhiteElo "2556"]
[BlackElo "2820"]
[WhiteTeam "NED"]
[BlackTeam "POL"]
[WhiteClock "0:00:25"]
[BlackClock "0:00:38"]

1. e4 d6 2. d4 g6 3. Nc3 Bg7 4. Be3 Nf6 5. Qd2 O-O 6. Bh6 c6 7. Bxg7 Kxg7 8. Nf3 b5 9. Bd3 Bg4 10. Qf4 Bxf3 11. Qxf3 e5 12. dxe5 dxe5 13. O-O Qe7 14. a4 b4 15. Nd1 Nbd7 16. Ne3 Nc5 17. Rfe1 Rfd8 18. Nc4 b3 19. Rad1 bxc2 20. Bxc2 Rxd1 21. Rxd1 a5 22. Qc3 Nfd7 23. Nxa5 Rc8 24. b4 Ne6 25. Nxc6 Qg5 26. Rxd7 Nf4 27. Qxe5+ Qxe5 28. Nxe5 Rxc2 29. Rxf7+ Kg8 30. h3 Nd3 31. Re7 Nxf2 32. Ng4 Nd3 33. b5 h5 34. Nf6+ Kf8 35. Ra7 Rb2 36. b6 Rb1+ 37. Kh2 Nc5 38. a5 g5 39. Nd7+ Nxd7 40. Rxd7 g4 41. hxg4 hxg4 42. Kg3 1-0

[Event "January 9 Late 2024"]
[Site "https://www.chess.com"]
[Date "2024.01.09"]
[Round "6"]
[White "Dourerassou, Jonathan"]
[Black "Przybylski, Wojciech"]
[Result "0-1"]
[Board "61"]
[TimeControl "180+1"]
[WhiteFideId "628050"]
[BlackFideId "1117599"]
[WhiteElo "2817"]
[BlackElo "2554"]
[WhiteTeam "FRA"]
[BlackTeam "POL"]
[WhiteClock "0:00:10"]
[BlackClock "0:00:16"]

1. d4 Nf6 2. Bg5 e6 3. e4 h6 4. Bxf6 Qxf6 5. Nc3 d6 6. Nf3 Nd7 7. Bd3 c6 8. e5 Qd8 9. Qe2 d5 10. O-O Be7 11. Nd1 O-O 12. c3 c5 13. Ne3 b6 14. Bc2 f5 15. exf6 Nxf6 16. Ne5 Bd6 17. Ng6 Re8 18. f4 a5 19. Rfe1 Qc7 20. Qf3 Qf7 21. Ng4 Nxg4 22. Qxg4 e5 23. f5 e4 24. Rf1 cxd4 25. cxd4 Qf6 26. Rad1 Ba6 27. Rfe1 Rac8 28. Bb3 Bc4 29. Nf4 Bxb3 30. axb3 Bxf4 31. Qxf4 Rf8 32. g4 Rc2 33. Rd2 Rfc8 34. Ree2 Rxd2 35. Rxd2 Rc1+ 36. Kg2 Qh4 37. Rf2 e3 38. Re2 Re1 39. Rxe3 Rxe3 40. Qxe3 Qxg4+ 41. Qg3 Qxf5 42. Qb8+ Kh7 43. Qxb6 Qg4+ 44. Kf2 Qf4+ 45. Kg2 Qg4+ 46. Kf2 Qf4+ 47. Kg2 h5 48. Qc5 Qg4+ 49. Kf2 Qf4+ 50. Kg2 Qe4+ 51. Kf2 h4 52. Qc3 Qf4+ 53. Kg2 Qg4+ 54. Kf2 h3 55. Qd3+ Kg8 56. Qe3 Qg2+ 57. Ke1 Qh1+ 58. Kd2 Qxh2+ 59. Kc3 Qc7+ 60. Kd2 Qd7 61. Qg3 Qf5 62. Qb8+ Kh7 63. Qg3 Qh5 64. Qh2 Qg4 65. Ke3 Kh6 66. Qd6+ Kh7 67. Qxd5 h2 68. Kf2 Qg1+ 69. Ke2 h1=Q 70. Qf5+ Qg6 71. Qf4 Qhg2+ 72. Kd1 Q6g4+ 73. Qxg4 Qxg4+ 74. Kc2 Qxd4 75. b4 Qxb4 76. b3 a4 77. Kb2 Qxb3+ 78. Ka1 Qb4 79. Ka2 a3 80. Ka1 Qb2# 0-1

[Event "January 9 Late 2024"]
[Site "https://www.chess.com"]
[Date "2024.01.09"]
[Round "6"]
[White "Zubritskiy, Artyom"]
[Black "Yurasov, Matfey"]
[Result "0-1"]
[Board "62"]
[TimeControl "180+1"]
[WhiteFideId "4181247"]
[BlackFideId "55617603"]
[WhiteElo "2810"]
[BlackElo "2553"]
[WhiteTeam "FID"]
[BlackTeam "FID"]
[WhiteClock "0:00:00"]
[BlackClock "0:00:03"]

1. e4 e5 2. Nc3 Nf6 3. f4 d5 4. fxe5 Nxe4 5. Qf3 Nc6 6. Nxe4 Nd4 7. Qc3 dxe4 8. Ne2 Nf5 9. g3 a5 10. Qc4 Be6 11. Qb5+ c6 12. Qxb7 Bd5 13. Bh3 Rb8 14. Qa7 g6 15. Rf1 c5 16. Qa6 Nd4 17. Nxd4 cxd4 18. d3 e3 19. Qf6 Qxf6 20. Rxf6 Bg7 21. Rd6 Rd8 22. Rxd8+ Kxd8 23. c4 Bc6 24. Ke2 Bxe5 25. b3 h5 26. Bb2 h4 27. g4 Bxh2 28. Bxd4 Re8 29. Rf1 Bd7 30. Rxf7 Kc8 0-1

[Event "January 9 Late 2024"]
[Site "https://www.chess.com"]
[Date "2024.01.09"]
[Round "6"]
[White "Aliakbarov, Anar"]
[Black "Tristan, Leonardo"]
[Result "0-1"]
[Board "63"]
[TimeControl "180+1"]
[WhiteFideId "13401858"]
[BlackFideId "113816"]
[WhiteElo "2551"]
[BlackElo "2757"]
[WhiteTeam "TUR"]
[BlackTeam "ARG"]
[WhiteClock "0:00:03"]
[BlackClock "0:00:11"]

1. d4 d5 2. c4 e6 3. cxd5 exd5 4. Nc3 c6 5. Qc2 g6 6. Bf4 Bf5 7. Qd2 Bd6 8. Nf3 Nf6 9. h3 Qe7 10. Bxd6 Qxd6 11. e3 Nbd7 12. Bd3 Ne4 13. Bxe4 dxe4 14. Nh4 Nf6 15. g4 Bd7 16. g5 Nd5 17. Nxe4 Qe7 18. Nc5 Qxg5 19. Nf3 Qe7 20. Nxb7 Bxh3 21. Rxh3 Qxb7 22. O-O-O O-O-O 23. Kb1 Kb8 24. Ne5 c5 25. Rc1 f6 26. Nc4 Nb4 27. Na5 Qe4+ 28. Ka1 Qe6 29. b3 Qxh3 30. Rxc5 Qh1+ 31. Kb2 Na6 32. Rb5+ Ka8 33. Qc2 Rc8 34. Qd3 Qc1# 0-1

[Event "January 9 Late 2024"]
[Site "https://www.chess.com"]
[Date "2024.01.09"]
[Round "6"]
[White "Zarnicki, Pablo"]
[Black "Bardyk, Artem"]
[Result "1-0"]
[Board "64"]
[TimeControl "180+1"]
[WhiteFideId "100137"]
[BlackFideId "34349979"]
[WhiteElo "2550"]
[BlackElo "2755"]
[WhiteTeam "ARG"]
[BlackTeam "RUS"]
[WhiteClock "0:00:10"]
[BlackClock "0:00:00"]

1. e4 e5 2. Nc3 Nf6 3. g3 d5 4. exd5 c6 5. d4 exd4 6. Qxd4 cxd5 7. Bg2 Nc6 8. Qd1 d4 9. Nce2 Bb4+ 10. Bd2 O-O 11. Nf3 d3 12. cxd3 Qxd3 13. Bxb4 Nxb4 14. O-O Bg4 15. Nf4 Qa6 16. h3 Bd7 17. Qb3 Nc6 18. Rfd1 Rad8 19. Rac1 Rfe8 20. Ng5 Re7 21. Nd5 Nxd5 22. Bxd5 Ne5 23. f4 h6 24. fxe5 hxg5 25. Bxf7+ Rxf7 26. e6 Bxe6 27. Rxd8+ Kh7 28. Qd3+ Qxd3 29. Rxd3 Bxa2 30. b3 Rf6 31. Ra1 Ra6 32. b4 Ra4 33. Rd2 Bb3 34. Rxa4 Bxa4 35. Kf2 Kg6 36. g4 Kf6 37. Rd5 Bc6 38. Rf5+ Kg6 39. b5 Bd7 40. Rd5 Be8 41. Ke3 a6 42. b6 Kf7 43. Rd8 Ke7 44. Rb8 Bc6 45. Rc8 Kd6 46. Rc7 Kc5 47. Rxg7 a5 48. Rxg5+ Kb4 49. Kd2 a4 50. Rf5 a3 51. Rf4+ Kb3 52. Rf8 Kb2 53. Ra8 a2 54. Rxa2+ Kxa2 55. Ke3 Kb3 56. g5 Be8 57. h4 Kc4 58. Kf4 Kc5 59. Kf5 Kxb6 60. g6 Kc5 61. h5 Kd6 62. h6 1-0

[Event "January 9 Late 2024"]
[Site "https://www.chess.com"]
[Date "2024.01.09"]
[Round "6"]
[White "Goltsev, Dmitry"]
[Black "Serban, Cristian-Stefan"]
[Result "1-0"]
[Board "65"]
[TimeControl "180+1"]
[WhiteFideId "24176710"]
[BlackFideId "1241443"]
[WhiteElo "2754"]
[BlackElo "2550"]
[WhiteTeam "RUS"]
[BlackTeam "ROU"]
[WhiteClock "0:00:18"]
[BlackClock "0:00:00"]

1. e4 c6 2. d4 d5 3. Nc3 dxe4 4. Nxe4 Nf6 5. Ng3 h5 6. h4 c5 7. Nf3 Nc6 8. c3 Bg4 9. Be3 cxd4 10. cxd4 e6 11. Be2 Bb4+ 12. Bd2 Qa5 13. O-O Bxd2 14. Nxd2 Nxd4 15. Bxg4 hxg4 16. Nc4 Qd5 17. Ne3 Qd7 18. Nxg4 Rxh4 19. Ne5 Qb5 20. Re1 Rd8 21. Rc1 Nd5 22. Rc4 Nf4 23. Rxd4 Rxd4 24. Qc2 Rd8 25. Qc7 Rd7 26. Qc8+ Rd8 27. Qc7 Rd7 28. Nxd7 Qxd7 29. Qb8+ Ke7 30. Nf5+ Kf6 31. Nxh4 Qd5 32. Qxf4+ 1-0

[Event "January 9 Late 2024"]
[Site "https://www.chess.com"]
[Date "2024.01.09"]
[Round "6"]
[White "Sadovsky, Artem"]
[Black "Leitao, Rafael"]
[Result "1-0"]
[Board "66"]
[TimeControl "180+1"]
[WhiteFideId "4155840"]
[BlackFideId "2101246"]
[WhiteElo "2549"]
[BlackElo "2747"]
[WhiteTeam "FID"]
[BlackTeam "BRA"]
[WhiteClock "0:00:10"]
[BlackClock "0:00:00"]

1. Nf3 Nf6 2. e3 g6 3. b3 Bg7 4. Bb2 d6 5. Be2 e5 6. O-O O-O 7. d4 e4 8. Nfd2 d5 9. c4 c6 10. Nc3 Re8 11. Rc1 Bf5 12. cxd5 cxd5 13. Nb5 Nc6 14. Ba3 Bf8 15. Bxf8 Rxf8 16. a3 h5 17. b4 Bg4 18. Nb3 Rc8 19. Nc5 Qe7 20. h3 Bxe2 21. Qxe2 a6 22. Nc3 Rfd8 23. N3a4 Na7 24. Qb2 Rc6 25. Nb3 Rdc8 26. Na5 R6c7 27. Nb6 Rxc1 28. Rxc1 Rxc1+ 29. Qxc1 Nb5 30. Qc8+ Kg7 31. Qxb7 Qxb7 32. Nxb7 Nxa3 33. Nc5 Nc4 34. Nxc4 dxc4 35. Kf1 Nd5 36. Nxa6 Kf8 37. Ke1 f5 38. b5 Ke7 39. Kd2 Kd6 40. Nc5 h4 41. f3 f4 42. Nxe4+ Kc7 43. exf4 Nxf4 44. Kc3 Nxg2 45. Kxc4 Nf4 46. Ng5 Kd6 47. Ne4+ Kc7 48. Ng5 Kd6 49. d5 Nxd5 50. Ne4+ Ke5 51. Kc5 Nf4 52. b6 Ne6+ 53. Kc6 Kf4 54. Kd7 1-0